Map: Neon Violet Square LE

Players

CinDra - Winner!

  • Race: Zerg Zerg
  • League: Platinum
  • Spawn Location: 11:00

Theyeless

  • Race: Protoss Protoss
  • League: Platinum
  • Spawn Location: 5:00

VOD

Have the link to the VOD?

Description

Time

  • Played on: March 20, 2018, 9:59 p.m.
  • Length: 19:05
Show
View Real Time Build Order
Export as new Build Order

CinDra Zerg - Winner!

Build Orders: Pool First 

Get SALT Encoding   

  12  0:00  Drone  
  13  0:13  Overlord  
  13  0:20  Drone  
  14  0:31  Drone x2  
  14  0:35  Drone  
  17  0:41  Extractor  
  16  0:47  Spawning Pool  
  15  0:52  Drone  
  15  0:56  Drone  
  17  1:21  Hatchery  
  17  1:23  Drone  
  17  1:28  Drone  
  18  1:33  Drone  
  19  1:44  Queen  
  21  1:48  Zergling x2  
  22  1:55  Metabolic Boost  
  22  2:07  Roach Warren  
  21  2:11  Drone  
  22  2:17  Overlord  
  22  2:26  Overlord  
  22  2:47  Roach x4  
  30  2:52  Roach  
  30  2:56  Roach  
  34  3:02  Roach  
  36  3:06  Roach  
  38  3:13  Zergling x4  
  38  3:18  Zergling x2  
  41  3:26  Zergling x4  
  43  3:32  Zergling x2  
  44  3:34  Overlord  
  44  3:42  Overlord  
  43  4:00  Zergling x10  
  37  4:32  Zergling x12  
  33  4:47  Zergling x4  
  31  4:53  Queen  
  31  4:58  Queen  
  35  5:04  Drone  
  35  5:05  Drone x3  
  39  5:40  Drone x8  
  47  5:51  Hatchery, Drone  
  47  5:59  Drone  
  48  6:08  Drone x7  
  48  6:11  Overlord  
  55  6:22  Overlord x2  
  55  6:25  Lair  
  55  6:28  Extractor  
  55  6:30  Drone x2  
  56  6:37  Extractor  
  55  6:41  Extractor  
  55  6:45  Roach  
  55  6:46  Roach x4  
  64  7:02  Drone x2  
  66  7:11  Evolution Chamber x2  
  66  7:12  Queen  
  66  7:14  Drone x8  
  74  7:22  Drone x2  
  76  7:33  Roach  
  76  7:34  Roach x2, Overlord x2  
  82  7:39  Zerg Missile Weapons Level 1  
  82  7:44  Zerg Ground Armor Level 1  
  82  8:07  Drone  
  82  8:09  Roach  
  82  8:10  Roach x5  
  82  8:11  Hatchery  
  94  8:13  Overlord  
  94  8:14  Overlord  
  94  8:17  Glial Reconstitution  
  94  8:45  Overseer x2  
  94  8:50  Roach x10  
  94  8:52  Overlord x3  
  114  9:05  Pneumatized Carapace  
  114  9:15  Roach x7  
  114  9:16  Roach x2  
  129  9:19  Roach  
  131  9:28  Drone x6  
  137  9:35  Roach x3  
  143  9:47  Zerg Missile Weapons Level 2, Zerg Ground Armor Level 2  
  124  10:00  Roach x6  
  124  10:01  Roach  
  124  10:03  Overlord  
  100  10:24  Roach x10  
  120  10:29  Hydralisk Den  
  119  10:37  Drone  
  119  10:38  Drone x3  
  123  10:44  Drone  
  123  10:45  Drone x5  
  123  10:46  Overlord  
  129  11:12  Extractor  
  129  11:13  Extractor  
  127  11:21  Roach x5  
  127  11:22  Roach x3  
  143  11:37  Overlord x15  
  143  11:44  Grooved Spines  
  143  11:46  Overlord x3  
  143  11:58  Roach x7  
  157  12:07  Zergling x2  
  157  12:08  Zergling x8  
  162  12:23  Roach x10  
  180  12:40  Hatchery  
  180  12:43  Nydus Network  
  178  12:49  Drone x3  
  178  12:50  Drone x2  
  183  12:55  Roach x7  
  183  12:56  Roach  
  178  13:22  Roach x11  
  196  13:43  Roach  
  182  13:59  Roach x9  
  182  14:00  Roach x2  
  200  14:13  Extractor  
  200  14:14  Extractor  
  200  14:16  Muscular Augments  
  198  14:17  Infestation Pit  
  198  14:18  Drone  
  198  14:19  Drone  
  199  14:24  Burrow  
  199  14:27  Zerg Melee Weapons Level 1  
  149  14:57  Roach  
  149  14:58  Roach x22  
  165  15:54  Hive  
  165  15:57  Roach x17  
  199  16:45  Nydus Canal  
  185  17:24  Roach x7  
  159  18:22  Roach x5  
  159  18:23  Roach x9  
  159  18:24  Roach x10  
  159  18:25  Roach x7  
Show
View Real Time Build Order
Export as new Build Order

Theyeless Protoss 

Build Orders: Zealot Archon 

Get SALT Encoding   

  12  0:01  Probe  
  13  0:13  Probe  
  14  0:21  Pylon  
  14  0:26  Probe  
  15  0:39  Probe  
  15  0:40  Gateway  
  16  0:51  Probe  
  16  0:55  Assimilator  
  17  1:00  Pylon  
  17  1:05  Probe  
  18  1:17  Probe  
  19  1:25  Forge  
  19  1:27  Assimilator  
  19  1:33  Cybernetics Core  
  19  1:36  Probe  
  20  1:44  Zealot  
  22  1:48  Probe  
  23  2:00  Probe  
  24  2:11  Twilight Council  
  24  2:13  Warp Gate (Chrono Boost)  
  24  2:21  Zealot  
  26  2:34  Photon Cannon  
  26  2:44  Shield Battery  
  26  2:46  Photon Cannon  
  26  2:50  Charge (Chrono Boost)  
  26  3:02  Zealot  
  28  3:10  Gateway  
  28  3:13  Gateway  
  28  3:25  Pylon  
  28  3:32  Gateway  
  28  3:47  Pylon  
  28  3:48  Protoss Ground Weapons Level 1 (Chrono Boost)  
  28  4:12  Zealot x3  
  24  4:33  Zealot x3  
  28  4:43  Zealot  
  30  5:00  Pylon  
  30  5:03  Pylon  
  30  5:31  Templar Archives  
  30  5:32  Zealot x4  
  38  5:54  Stalker x3  
  44  5:58  Stalker  
  46  6:12  Pylon  
  46  6:29  Protoss Shields Level 1 (Chrono Boost)  
  46  6:31  High Templar x4  
  54  6:38  Archon  
  54  6:39  Archon  
  54  7:03  Nexus  
  54  7:07  Pylon  
  54  7:29  Zealot x3  
  60  7:36  Zealot  
  62  7:54  Probe  
  63  8:08  Pylon  
  63  8:10  Pylon  
  63  8:15  Probe (Chrono Boost)  
  63  8:16  Probe (Chrono Boost)  
  65  8:25  High Templar x2, Probe x2 (Chrono Boost)  
  65  8:26  High Templar  
  73  8:30  High Templar, Probe x2 (Chrono Boost)  
  73  8:32  Archon  
  73  8:34  Archon  
  77  8:46  Probe (Chrono Boost)  
  79  8:51  Probe (Chrono Boost)  
  80  8:56  Probe (Chrono Boost)  
  80  8:59  Probe (Chrono Boost)  
  80  9:01  Probe (Chrono Boost)  
  82  9:07  Zealot x3  
  88  9:10  Probe, Zealot  
  88  9:12  Probe  
  92  9:22  Probe  
  93  9:45  Pylon  
  93  9:49  Pylon  
  61  10:23  Zealot  
  61  10:24  Zealot x3  
  69  10:29  Photon Cannon  
  69  10:30  Photon Cannon, Shield Battery  
  69  10:32  Shield Battery  
  69  10:37  Shield Battery  
  69  10:38  Photon Cannon  
  69  10:39  Photon Cannon  
  69  10:45  Assimilator  
  69  10:50  Zealot, Assimilator  
  69  10:51  Zealot x3  
  77  11:07  Gateway  
  77  11:09  Gateway  
  77  11:11  Robotics Facility  
  77  11:16  Zealot x4  
  85  11:49  Zealot x3  
  85  11:50  Zealot  
  93  11:57  Immortal (Chrono Boost)  
  97  12:07  Stalker x2  
  101  12:11  High Templar x2  
  101  12:12  High Templar x2  
  109  12:19  Archon  
  109  12:21  Archon  
  109  12:30  Pylon  
  109  12:31  Pylon  
  81  13:30  Zealot x2  
  81  13:31  Immortal (Chrono Boost), Zealot x4  
  73  13:52  Zealot x5  
  73  13:53  Zealot  
  75  14:09  Pylon  
  75  14:10  Immortal (Chrono Boost)  
  75  14:12  Pylon  
  75  14:16  Zealot  
  81  14:17  Zealot x3  
  81  14:18  Zealot  
  89  14:33  Shield Battery  
  73  14:45  Zealot  
  73  14:46  Zealot x4  
  73  14:47  Zealot  
  47  15:07  Zealot x2  
  47  15:08  Immortal (Chrono Boost), Zealot x4  
  63  15:30  Zealot x3  
  63  15:31  Zealot x3  
  75  15:58  Immortal (Chrono Boost)  
  79  16:08  Zealot x4  
  79  16:09  Zealot  
  89  16:14  Zealot  
  91  16:36  Stalker  
  91  16:38  Stalker  
  91  17:18  Nexus  
  91  17:32  Immortal (Chrono Boost)  
  89  18:17  Zealot x3  
  89  18:18  Zealot x2  
  22  18:52  Zealot x3  
  22  18:53  Zealot  
Tags
 
Add a new tag
Caveats
  • Supply blocks, unpowered buildings, or Contaminate may cause inaccurate times.
  • Supply counts are checked every 10 seconds.